cohdb
Replays
Latest Replays
All Replays
Popular Replays
Top Player Replays
Match Explorer
How It Works
Community
CoH3 Stats
Reddit
Sign in to upload your games and track your stats! →
Sign in with Steam
Match 47033145
Unlisted
Match 47033145
Overview
Messages
Build Orders
End
Construct Section Command Post
Vickers Machine Gun Team
Dingo Light Scout Car
Infantry Section
Vickers Machine Gun Team
Grenade Package
Selects Heavy Armor Battlegroup
ML 3-inch Mortar Team
Forward Retreat Point
ML 3-inch Mortar Team
Infantry Section
Construct Platoon Command Post
Infantry Section
Selects Light Vehicle Withdraw and Refit
Selects UNKNOWN (202330)
Construct Company Command Post
Construct Field Infirmary
Crusader AA Medium Tank
Selects Recon Artillery
✪ PARA
Lara
Sad Pepe
gio_misro
0
0
Comments
sign in to comment!
No comments posted yet!